 Dungeon Crawl Stone Soup version 0.23-a0-650-ga4d50d4 (console) character file.

86 bli the Shield-Bearer (level 4, -6/52 HPs)
             Began as a Formicid Fighter on Jan 4, 2019.
             Killed from afar by an orc wizard (15 damage)
             ... with a puff of flame
             ... on level 3 of the Dungeon.
             The game lasted 00:05:24 (1736 turns).

bli the Shield-Bearer (Formicid Fighter)            Turns: 1736, Time: 00:05:25

Health: -6/52      AC: 22    Str: 21    XL:     4   Next: 77%
Magic:  4/4        EV:  2    Int:  7    God:
Gold:   187        SH:  5    Dex: 11    Spells: 3/3 levels left

rFire    . . .     SeeInvis .   a - +0 long sword
rCold    . . .     Gourm    .   m - +0 buckler
rNeg     + + +     Faith    .   (armour currently unavailable)
rPois    +         Spirit   .   (helmet unavailable)
rElec    .         Reflect  .   (cloak currently unavailable)
rCorr    .         Harm     .   (gloves currently unavailable)
MR       .....                  (boots currently unavailable)
Stlth    +.........             n - amulet of rage
HPRegen  0.17/turn              (no ring)
MPRegen  0.09/turn              (no ring)

@: lethally poisoned (-6 -> -28), tree-form (expiring)
A: permanent stasis, dig shafts and tunnels, four strong arms
a: no special abilities


You were on level 3 of the Dungeon.
You were not hungry.
You were a tree.
You visited 1 branch of the dungeon, and saw 3 of its levels.

You collected 187 gold pieces.

Inventory:

Hand Weapons
 a - a +0 long sword (weapon)
Missiles
 e - 84 stones (quivered)
 t - 49 sling bullets
Armour
 b - a +0 scale mail
 c - a +0 shield
 h - a +0 pair of boots (melded)
 m - a +0 buckler (worn)
 p - a +0 ring mail (melded)
 q - a +0 chain mail
Jewellery
 n - an amulet of rage (around neck)
Scrolls
 g - a scroll of fear {unknown}
 i - 3 scrolls of amnesia {unknown}
 j - a scroll of magic mapping {unknown}
 o - a scroll of remove curse {unknown}
 r - a scroll of identify {unknown}
Potions
 d - a potion of might
 l - a potion of agility {unknown}
Comestibles
 f - 4 rations
 u - a chunk of flesh


   Skills:
 + Level 3.3 Fighting
 * Level 3.6 Long Blades
 + Level 3.6 Armour
 + Level 0.4 Dodging
 + Level 4.4 Shields


You had 3 spell levels left.
You didn't know any spells.
Your spell library was empty.

Dungeon Overview and Level Annotations

Branches:
Dungeon (3/15)

Altars:


Innate Abilities, Weirdness & Mutations

You cannot be hasted, slowed, berserked, paralysed or teleported.
You can dig through walls and to a lower floor.
Your four strong arms can wield two-handed weapons with a shield.
((You have a pair of large antennae on your head. (SInv)))


Message History

The orc wizard is severely wounded.
* * * LOW HITPOINT WARNING * * *
You feel sick.
The orc wizard hits you but does no damage.
You are lethally poisoned!
Something hits you but does no damage. The orc hits you but does no damage. x2
The orc wizard looks encouraged for a moment.
You closely miss the orc wizard.
The orc wizard is severely wounded.
* * * LOW HITPOINT WARNING * * *
You feel sick.
The orc wizard hits you but does no damage.
You are more poisoned.
You block the orc's attack. Something hits you but does no damage.
The orc hits
* * * LOW HITPOINT WARNING * * *
You block the orc wizard's attack.
You hear some strange, mumbled words.
A puff of flame appears from out of thin air!
The puff of flame hits you!
You die...

##...?....#..#
#............##
#..%......>....#
#...............#
...)............
..............
###............
#8###8#............
......{oo..........
.......♣).<.......#
........o..).....#
#8###8#.....##...#
# ###.....# #.#
............# .
.........##.#
.........# ..
.......... ..#
........... ..
#.......... #
##..........


You could see an orc wizard and 2 orcs.

Vanquished Creatures
  2 adders (D:2)
  A gnoll (D:2)
  A worm (D:3)
  2 orcs (D:3)
  5 bats
  3 giant cockroaches (D:2)
  6 goblins
  5 hobgoblins
  8 jackals
  2 kobolds (D:2)
  A quokka (D:2)
  2 ball pythons
  2 frilled lizards
  10 rats
50 creatures vanquished.

Notes
Turn   | Place    | Note
-------+----------+-------------------------------------------
     0 | D:1      | bli the Formicid Fighter began the quest for the Orb.
     0 | D:1      | Reached XP level 1. HP: 18/18 MP: 1/1
    64 | D:1      | Reached skill level 4 in Shields
    64 | D:1      | Reached XP level 2. HP: 8/24 MP: 2/2
   338 | D:1      | Reached XP level 3. HP: 29/29 MP: 3/3
  1155 | D:2      | Reached XP level 4. HP: 35/35 MP: 4/4
  1736 | D:3      | Killed from afar by an orc wizard

Vault maps used:
D:1:      dpeg_arrival_radiant, corexii_hall_statues_t
D:2:      cheibrodos_gnoll_hut
D:3:      cheibrodos_sewer_entry_bend, serial_corexii_hall,
          corexii_hall_statues_t, corexii_hall_statues_l, uniq_ijyb

Skill      XL: |  1  2  3 |
---------------+----------+-----
Shields        | 4 |  4.4
Long Blades    | 3 |  3.6
Fighting       | |  3.3
Armour         | |  3.6
Dodging        | |  0.4

Action                   |  1- 3 |  4- 6 || total
-------------------------+-------+-------++-------
Melee: Long sword        |    91 |    67 ||   158
Throw: Stone             |     1 |       ||     1
  Use: Potion            |       |     2 ||     2
  Eat: Chunk             |     1 |     2 ||     3
Armor: Scale mail        |    36 |       ||    36
       Ring mail         |     9 |    25 ||    34
       Skin              |       |    46 ||    46
Dodge: Dodged            |    39 |    37 ||    76
Block: Shield            |    43 |       ||    43
       Buckler           |     4 |    25 ||    29
       Rpst.: Long sword |    10 |    12 ||    22

Table legend:
 A = Non-vault XP
 B = Vault XP
 C = Vault XP percentage of total XP
 D = Non-vault monster count
 E = Vault monster count
 F = Vault count percentage of total count
                 A         B        C        D         E       F
            +---------+---------+-------+---------+---------+-------
      Total |     105 |      18 |  14.6 |      47 |       3 |   6.0
            +---------+---------+-------+---------+---------+-------
        D:1 |      37 |       0 |   0.0 |      24 |       0 |   0.0
        D:2 |      56 |      18 |  24.3 |      19 |       3 |  13.6
        D:3 |      12 |       0 |   0.0 |       4 |       0 |   0.0
            +---------+---------+-------+---------+---------+-------
